 Dungeon Crawl Stone Soup version 0.20.1-1-g8b1a95d (webtiles) character file.

3556 Smithy the Spear-Bearer (level 10, -2/76 HPs)
             Began as a Formicid Abyssal Knight on Oct 27, 2017.
             Was an Elder of Lugonu.
             Slain by a crocodile (4 damage)
             ... on level 8 of the Dungeon.
             The game lasted 00:43:09 (7932 turns).

Smithy the Spear-Bearer (Formicid Abyssal Knight)   Turns: 7932, Time: 00:43:10

Health: -2/76      AC: 18    Str: 20    XL:     10   Next: 30%
Magic:  12/12      EV:  2    Int: 12    God:    Lugonu [****..]
Gold:   389        SH:  0    Dex: 10    Spells: 8/12 levels left

rFire    + + +     SeeInvis +   r - +8 halberd of Cyimpag {chop, +Inv rPois rF++ rC-}
rCold    x . .     Gourm    .   e - +0 buckler
rNeg     + + +     Faith    .   b - +1 plate armour
rPois    ∞         Spirit   .   (helmet unavailable)
rElec    .         Reflect  .   (no cloak)
rCorr    .         Harm     .   l - +0 pair of gloves
MR       +....                  n - +2 pair of boots {Fly}
Stlth    ..........             (no amulet)
Regen    0.3/turn               h - +4 ring of slaying
MPRegen  0.2/turn               p - ring of protection from fire

@: petrified
A: permanent stasis, dig shafts and tunnels, four strong arms, antennae 3
a: Dig, Shaft Self, Depart the Abyss, Bend Space, Banish, Corrupt, Renounce
Religion, Evoke Invisibility, Evoke Flight


You were on level 8 of the Dungeon.
You worshipped Lugonu.
Lugonu was greatly pleased with you.
You were not hungry.

You visited 2 branches of the dungeon, and saw 9 of its levels.
You visited the Abyss 1 time.
You also visited: Ossuary.

You collected 389 gold pieces.

Inventory:

Hand Weapons
 a - a +2 spear
 r - the +8 halberd of Cyimpag (weapon) {chop, +Inv rPois rF++ rC-}
   (You found it on level 6 of the Dungeon)

   It inflicts extra damage upon your enemies.
   It greatly protects you from fire.
   It makes you vulnerable to cold.
   It protects you from poison.
   It lets you turn invisible.
 A - a +4 trident
Armour
 b - a +1 plate armour (worn)
 e - a +0 buckler (worn)
 l - a +0 pair of gloves (worn)
 n - a +2 pair of boots of flying (worn)
Jewellery
 h - a +4 ring of slaying (left hand)
 k - an uncursed ring of ice
 p - a ring of protection from fire (right hand)
 x - an uncursed ring of see invisible
 B - a +4 ring of intelligence
Wands
 q - a wand of flame (20/48)
 t - a wand of paralysis (16/24)
 y - a wand of random effects (10/48)
 G - a wand of flame (0/48)
Scrolls
 f - 3 scrolls of amnesia
 g - 7 scrolls of remove curse
 s - 4 scrolls of recharging
 D - a scroll of fear
 E - a scroll of enchant weapon
Potions
 d - 2 potions of resistance
 m - a potion of flight
 o - a potion of agility
 v - a potion of brilliance
 w - 2 potions of curing
 z - a potion of haste {unknown}
Books
 C - a book of Cantrips

   Spells                             Type                      Level
   a - Confusing Touch                Hexes                        1
   b - Animate Skeleton               Necromancy                   1
   c - Summon Small Mammal            Summoning                    1
   d - Apportation                    Translocation                1
Comestibles
 c - 5 bread rations
 i - 2 royal jellies
 j - 2 meat rations
 u - 3 chunks of flesh


   Skills:
 + Level 6.0 Fighting
 * Level 10.4 Polearms
 + Level 7.3 Armour
 + Level 1.0 Dodging
 + Level 3.9 Shields
 * Level 1.5 Spellcasting
 * Level 1.4 Hexes
 * Level 2.1 Summonings
 * Level 1.7 Necromancy
 * Level 1.0 Translocations
 + Level 2.3 Invocations


You had 8 spell levels left.
You knew the following spells:

 Your Spells              Type           Power        Failure   Level  Hunger
a - Summon Small Mammal   Summ           #...         94%         1    ##.....
b - Confusing Touch       Hex            #.....       97%         1    ##.....
c - Animate Skeleton      Necr           N/A          96%         1    ##.....
d - Apportation           Tloc           #.....       99%         1    ##.....


Dungeon Overview and Level Annotations

Branches:
Dungeon (8/15)             Temple (1/1) D:6
   Lair: D:8-11

Altars:
Ashenzari
Cheibriados
Dithmenos
Elyvilon
Gozag
Hepliaklqana
Kikubaaqudgha
Makhleb
Nemelex Xobeh
Okawaru
Qazlal
Ru
Sif Muna
Trog
Uskayaw
Vehumet
Xom
Yredelemnul
Zin
The Shining One

Shops:
D:7 *

Annotations:
D:4 Fingolfin's ghost, novice NaTm


Innate Abilities, Weirdness & Mutations

You cannot be hasted, slowed, berserked, paralysed or teleported.
You can dig through walls and to a lower floor.
Your four strong arms can wield two-handed weapons with a shield.
You have a pair of large antennae on your head. (SInv)


Message History

The black bear bites you but does no damage.
The black bear claws you but does no damage. x2
The crocodile bites you but does no damage.
The black bear bites you.
* * * LOW HITPOINT WARNING * * *
The black bear claws you but does no damage. x2
The basilisk bites you but does no damage.
The crocodile bites you but does no damage.
The black bear bites you.
* * * LOW HITPOINT WARNING * * *
The black bear claws you but does no damage. x2
The basilisk gazes at you.
The crocodile bites you but does no damage.
The basilisk bites you.
* * * LOW HITPOINT WARNING * * *
The black bear bites you but does no damage.
The black bear barely misses you.
The black bear claws you but does no damage.
The crocodile bites you!
You die...

+..............#
#..............#
#
#..............#
#.
#..............+
#..
#.......l......#
#..
###...##.{######
##...###...##..#
.......ht......#
.......@†...<..#
........l......#
...............#
##########+###...
.#### .


You could see a basilisk, a crocodile and a black bear.

Vanquished Creatures
  A basilisk (D:8)
  A steam dragon (D:7)
  4 porcupines (D:8)
  An ice beast (D:4)
  2 orc warriors (D:6)
  4 sky beasts (D:7)
  A hornet zombie (D:7)
  A black bear (D:4)
  3 ogres
  2 wolves (D:8)
  3 bullfrogs
  A scorpion (D:6)
  3 howler monkeys
  5 crimson imps
  A bullfrog zombie (D:7)
  A centaur zombie (Ossuary)
  A jelly (D:5)
  2 hounds (D:4)
  A gnoll shaman (D:6)
  5 orc priests
  Terence (D:2)
  2 iguanas
  Ijyb (D:3)
  4 orc wizards
  6 worker ants
  A killer bee zombie (D:5)
  3 big kobold zombies (Ossuary)
  A hound zombie (D:5)
  5 mummies (Ossuary)
  A hound skeleton (D:4)
  A worker ant zombie (D:7)
  6 adders
  10 gnolls
  2 oozes
  A worm (D:4)
  A dart slug (D:2)
  A leopard gecko (D:5)
  34 orcs
  2 ball pythons (D:2)
  6 giant cockroaches
  11 hobgoblins
  3 quokkas
  5 bats
  5 frilled lizards
  4 goblins
  A goblin zombie (Ossuary)
  3 hobgoblin zombies (Ossuary)
  9 kobolds
  2 leopard gecko skeletons (D:4)
  2 quokka zombies
  3 rats
180 creatures vanquished.

Notes
Turn   | Place    | Note
-------+----------+-------------------------------------------
     0 | Abyss:1  | Smithy the Formicid Abyssal Knight began the quest for the Orb.
     0 | Abyss:1  | Reached XP level 1. HP: 18/18 MP: 2/2
    13 | D:1      | Escaped the Abyss
   586 | D:1      | Reached XP level 2. HP: 25/25 MP: 3/3
   778 | D:2      | Found a deep blue altar of Sif Muna.
   825 | D:2      | Found a white marble altar of Elyvilon.
   978 | D:2      | Reached XP level 3. HP: 28/30 MP: 4/4
  1324 | D:2      | Reached ** piety under Lugonu
  1618 | D:3      | Noticed Terence
  1623 | D:3      | Reached XP level 4. HP: 37/37 MP: 5/5
  1686 | D:2      | Killed Terence
  1686 | D:2      | Reached skill level 3 in Polearms
  2008 | D:3      | Reached XP level 5. HP: 40/42 MP: 6/6
  2046 | D:3      | Found an opulent altar of Gozag.
  2181 | D:3      | Reached skill level 4 in Polearms
  2201 | D:3      | Reached skill level 1 in Dodging
  2250 | D:3      | Reached XP level 6. HP: 39/48 MP: 7/7
  2257 | D:3      | Found a basalt altar of Yredelemnul.
  2877 | D:3      | Noticed Ijyb
  2886 | D:3      | Killed Ijyb
  2886 | D:3      | Reached skill level 5 in Polearms
  3373 | D:4      | Reached XP level 7. HP: 52/55 MP: 8/8
  3524 | D:4      | Reached skill level 6 in Polearms
  3901 | D:4      | Found a sand-covered staircase.
  3919 | Ossuary  | Entered an ossuary
  3986 | Ossuary  | Reached XP level 8. HP: 35/61 MP: 9/9
  4354 | Ossuary  | Reached skill level 5 in Armour
  4368 | Ossuary  | Reached skill level 7 in Polearms
  4483 | D:4      | Noticed Fingolfin's ghost (novice NaTm)
  4896 | D:5      | Entered Level 5 of the Dungeon
  4953 | D:5      | Reached skill level 1 in Shields
  4967 | D:5      | Reached *** piety under Lugonu
  5249 | D:5      | Reached skill level 5 in Fighting
  5704 | D:5      | Found a shimmering altar of Xom.
  5994 | D:6      | Identified a scroll of acquirement
  6022 | D:6      | Reached skill level 8 in Polearms
  6105 | D:6      | Got a shimmering halberd
  6106 | D:6      | Identified the +8 halberd of Cyimpag {chop, +Inv rPois rF++ rC-} (You found it on level 6 of the Dungeon)
  6132 | D:6      | Reached XP level 9. HP: 64/68 MP: 10/10
  6374 | D:6      | Learned a level 1 spell: Summon Small Mammal
  6397 | D:6      | Found a staircase to the Ecumenical Temple.
  6578 | Temple   | Entered the Ecumenical Temple
  6832 | D:6      | Found a radiant altar of Vehumet.
  6838 | D:6      | Found a burning altar of Makhleb.
  6904 | D:6      | Learned a level 1 spell: Confusing Touch
  6908 | D:6      | Learned a level 1 spell: Animate Skeleton
  6910 | D:6      | Learned a level 1 spell: Apportation
  6970 | D:7      | Reached skill level 9 in Polearms
  7009 | D:7      | Reached **** piety under Lugonu
  7034 | D:7      | Reached skill level 1 in Summonings
  7210 | D:7      | Found Epimixt's Assorted Antiques.
  7383 | D:7      | Reached XP level 10. HP: 75/76 MP: 11/11
  7587 | D:7      | Found a bloodstained altar of Trog.
  7782 | D:7      | Reached skill level 10 in Polearms
  7860 | D:8      | Reached skill level 1 in Hexes
  7860 | D:8      | Reached skill level 1 in Necromancy
  7861 | D:8      | Reached skill level 1 in Spellcasting
  7922 | D:8      | Reached skill level 1 in Translocations
  7922 | D:8      | HP: 2/76 [crocodile (3)]
  7931 | D:8      | HP: 3/76 [black bear (1)]
  7932 | D:8      | Slain by a crocodile

Skill      XL: |  1  2  3  4  5  6  7  8  9 10 |
---------------+-------------------------------+-----
Fighting       | 4 5 6 |  6.0
Polearms       | 3 4 5 6 8 9 10 | 10.4
Armour         | 3 4 6 7 |  7.3
Dodging        | 1 |  1.0
Shields        | 1 3 |  3.9
Summonings     | 1 2 |  2.1
Hexes          | 1 |  1.4
Necromancy     | 1 |  1.7
Spellcasting   | 1 |  1.5
Translocations | 1 |  1.0
Invocations    | |  2.3

Action                   |  1- 3 |  4- 6 |  7- 9 | 10-12 || total
-------------------------+-------+-------+-------+-------++-------
Melee: Spear             |    83 |   153 |   263 |       ||   499
       Trident           |       |       |    15 |       ||    15
       Halberd           |       |       |    93 |    40 ||   133
Invok: Bend Space        |       |       |     9 |     1 ||    10
 Abil: Stop Flying       |       |       |     1 |       ||     1
       Dig               |       |       |     1 |       ||     1
  Use: Scroll            |     6 |     1 |    14 |     3 ||    24
       Potion            |       |     3 |     2 |     4 ||     9
 Stab: Distracted        |       |       |     1 |       ||     1
  Eat: Chunk             |     2 |     1 |     8 |     2 ||    13
       Bread ration      |       |     1 |       |       ||     1
       Meat ration       |       |       |     1 |       ||     1
Armor: Chain mail        |    36 |    54 |       |       ||    90
       Plate armour      |       |     7 |   116 |    56 ||   179
       Skin              |       |     1 |       |       ||     1
Dodge: Dodged            |    30 |    26 |    66 |    24 ||   146
Block: Buckler           |       |       |    23 |     7 ||    30
